 Dungeon Crawl Stone Soup version 0.29-a0-668-g12ee2bf84d (webtiles) character file.

Game seed: 1587431932968169821

2677 Rocko1345 the Cleaver (level 9, -5/68 (70) HPs)
             Began as a Human Berserker on June 24, 2022.
             Was a Priest of Trog.
             Slain by a wight
             ... wielding a +0 dire flail
              (9 damage)
             ... on level 8 of the Dungeon.
             The game lasted 00:25:30 (8732 turns).

Rocko1345 the Cleaver (Human Berserker)             Turns: 8732, Time: 00:25:33

HP:   -5/68 (70)    AC: 13    Str: 21    XL:     9   Next: 95%
MP:   9/9           EV: 13    Int:  8    God:    Trog [***...]
Gold: 280           SH:  0    Dex: 13    Spells: 8/8 levels left

rFire   + . .      SeeInvis .   v - +1 war axe (elec)
rCold   . . .      Faith    .   (no shield)
rNeg    . . .      Spirit   .   o - +1 chain mail
rPois   .          Reflect  .   E - +1 helmet
rElec   .          Harm     .   (no cloak)
rCorr   .          Rampage  .   (no gloves)
Will    .....                   (no boots)
Stlth   ..........              L - amulet of regeneration
HPRegen 1.01/turn               l - ring of protection from fire
MPRegen 0.11/turn               z - +4 ring of evasion

@: on berserk cooldown, lightly drained
A: no striking features
a: Renounce Religion, Berserk, Trog's Hand


You were on level 8 of the Dungeon.
You worshipped Trog.
Trog was most pleased with you.
You visited 1 branch of the dungeon, and saw 8 of its levels.

You collected 336 gold pieces.
You spent 56 gold pieces at shops.

Inventory:

Hand Weapons
 a - a +0 hand axe
 s - a +3 hand axe of freezing
 v - a +1 war axe of electrocution (weapon)
 y - the +5 flail of Past Mistakes {venom, *Corrode rF- Str+8 Dex+4}
   (You found it on level 4 of the Dungeon)

   It poisons the flesh of those it strikes.
   Str:       It affects your strength (+8).
   Dex:       It affects your dexterity (+4).
   rF:        It makes you vulnerable to fire.
   *Corrode:  It may corrode you when you take damage.
 B - a +2 spectral club
 G - a +2 flail of draining
Missiles
 g - 14 poisoned darts
 m - 11 boomerangs (quivered)
Armour
 b - a +0 animal skin
 n - a +0 scale mail
 o - a +1 chain mail (worn)
 t - the +2 robe of Activism {rC+}
   (You found it on level 2 of the Dungeon)

   rC:        It protects you from cold.
 E - a +1 helmet (worn)
Jewellery
 l - a ring of protection from fire (left hand)
 z - a +4 ring of evasion (right hand)
 I - a ring of poison resistance
 L - an amulet of regeneration (around neck)
Wands
 A - a wand of digging (3)
 C - a wand of iceblast (13)
 J - a wand of charming (9)
Scrolls
 d - 2 scrolls of noise
 f - a scroll of torment {unknown}
 h - a scroll of magic mapping {unknown}
 p - a scroll of acquirement {unknown}
 q - 2 scrolls of immolation {unknown}
 x - 2 scrolls of amnesia
 F - 2 scrolls of teleportation {unknown}
 H - a scroll of vulnerability {unknown}
 M - 2 scrolls of identify
 O - a scroll of enchant armour
Potions
 e - 3 potions of invisibility
 i - a potion of lignification
 j - a potion of haste
 k - 4 potions of magic
 r - a potion of might {unknown}
 w - a potion of ambrosia {unknown}
 D - 2 potions of flight
 K - a potion of curing {unknown}
 N - a potion of mutation {unknown}


   Skills:
 * Level 6.3 Fighting
 * Level 9.6 Axes
 + Level 0.3(6.0) Maces & Flails
 + Level 0.4 Throwing
 * Level 5.8 Armour
 - Level 4.4 Dodging
 + Level 1.2 Stealth
 + Level 0.1 Unarmed Combat


You had 8 spell levels left.
You didn't know any spells.
Your spell library was empty.

Dungeon Overview and Level Annotations

Branches:
Dungeon (8/15)             Temple (0/1) D:4
   Lair: D:8-11

Altars:
Fedhas
Nemelex Xobeh
Uskayaw

Shops:
D:5 ?


Message History

The blast of calcifying dust hits you but does no damage.
The wight barely misses you.
Unknown command.
You barely miss the wight.
You hit the catoblepas but do no damage.
You hit the wight but do no damage.
You are engulfed in calcifying dust.
The wight hits you but does no damage. The catoblepas gores you!
The wight hits you but does no damage. x2
The catoblepas breathes a plume of calcifying dust at you.
The blast of calcifying dust hits you! The wight closely misses you.
You have turned to stone.
You feel yourself speed up. The catoblepas gores you!!
The wight hits you with a +2 falchion.
The wight hits you with a +0 dire flail.
Your skin stops crawling.
You feel less strong-willed. The wight hits you with a +2 falchion.
The catoblepas gores you but does no damage.
The wight hits you with a +0 dire flail.
The catoblepas barely misses you. The wight barely misses you.
The wight hits you with a +0 dire flail.
The wight hits you but does no damage. The catoblepas gores you!
The wight completely misses you. The catoblepas gores you!!
* * * LOW HITPOINT WARNING * * *
The wight hits you with a +2 falchion!
* * * LOW HITPOINT WARNING * * *
The wight hits you with a +0 dire flail.
The wight hits you with a +2 falchion.
* * * LOW HITPOINT WARNING * * *
The catoblepas gores you.
* * * LOW HITPOINT WARNING * * *
The wight hits you with a +0 dire flail.
* * * LOW HITPOINT WARNING * * *
You turn to flesh and can move again.
You feel much better. The catoblepas gores you!!
* * * LOW HITPOINT WARNING * * *
The wight hits you with a +2 falchion!
* * * LOW HITPOINT WARNING * * *
The wight hits you with a +0 dire flail!
You die...

#.........#..##.
............?...
.............#...
#...#....#...#...
#######.........
##zz.....#
#.l...####
##Yz...# #@z...#
###...... #.....
...#. ####


You could see a catoblepas, a komodo dragon and 4 wights.

Vanquished Creatures
  Psyche (D:8)
  A hornet (D:7)
  Edmund (D:5)
  A water moccasin (D:7)
  2 ice beasts (D:5)
  A sky beast (D:6)
  2 centaurs (D:7)
  An ogre (D:5)
  2 bullfrogs (D:7)
  4 scorpions
  5 killer bees (D:7)
  2 howler monkeys
  2 hounds
  3 jellies
  5 orc priests
  A gnoll shaman (D:6)
  Ijyb (D:3)
  6 orc wizards
  An iguana (D:4)
  Robin (D:3)
  6 gnolls (D:6)
  7 adders
  A white imp (D:6)
  An ufetubus (D:6)
  A worm (D:2)
  A dart slug (D:2)
  31 orcs
  9 ball pythons
  11 bats
  An endoplasm (D:3)
  6 giant cockroaches
  17 goblins
  10 hobgoblins
  3 jackals (D:3)
  4 quokkas
  8 kobolds
  A rat (D:3)
161 creatures vanquished.

Vanquished Creatures (others)
  10 demonic plants (D:3)
10 creatures vanquished.

Grand Total: 171 creatures vanquished

Notes
Turn   | Place    | Note
-------+----------+-------------------------------------------
     0 | D:1      | Rocko1345 the Human Berserker began the quest for the Orb.
     0 | D:1      | Reached XP level 1. HP: 18/18 MP: 1/1
   564 | D:1      | Reached XP level 2. HP: 24/24 MP: 2/2
  1028 | D:1      | Reached XP level 3. HP: 29/29 MP: 3/3
  2542 | D:2      | Reached XP level 4. HP: 35/35 MP: 4/4
  2712 | D:2      | Identified the +2 robe of Activism {rC+}
  2800 | D:2      | Found a faded altar of an unknown god.
  3960 | D:3      | Noticed a scorpion
  3974 | D:3      | Killed a scorpion
  3975 | D:3      | Reached skill level 4 in Axes
  3975 | D:3      | Reached XP level 5. HP: 41/41 MP: 5/5
  4233 | D:3      | Reached ** piety under Trog
  4690 | D:3      | Reached XP level 6. HP: 47/48 MP: 6/6
  4737 | D:3      | Noticed Ijyb
  4744 | D:3      | Killed Ijyb
  4906 | D:3      | Noticed Robin
  4916 | D:3      | Reached skill level 5 in Axes
  4923 | D:3      | Killed Robin
  5553 | D:4      | Found a sparkling altar of Nemelex Xobeh.
  5720 | D:4      | Identified the +5 flail of Past Mistakes {venom, *Corrode
                  | rF- Str+8 Dex+4}
  5802 | D:4      | Found a staircase to the Ecumenical Temple.
  5884 | D:4      | Reached XP level 7. HP: 54/54 MP: 7/7
  6108 | D:5      | Entered Level 5 of the Dungeon
  6157 | D:5      | Noticed Edmund
  6169 | D:5      | Killed Edmund
  6185 | D:5      | Reached skill level 6 in Axes
  6213 | D:5      | Reached XP level 8. HP: 52/61 MP: 8/8
  6477 | D:5      | Reached skill level 1 in Stealth
  6562 | D:5      | Reached *** piety under Trog
  6565 | D:5      | Reached skill level 7 in Axes
  6596 | D:5      | Found Oruidov's Magic Scroll Emporium.
  6603 | D:5      | Bought a scroll of identify for 28 gold pieces
  6603 | D:5      | Bought a scroll of identify for 28 gold pieces
  6662 | D:5      | Reached skill level 5 in Fighting
  6700 | D:5      | Found a blossoming altar of Fedhas.
  7529 | D:6      | Reached skill level 8 in Axes
  7529 | D:6      | Reached XP level 9. HP: 66/68 MP: 9/9
  8262 | D:7      | Reached skill level 9 in Axes
  8262 | D:7      | Reached skill level 5 in Armour
  8341 | D:7      | Noticed a hornet
  8351 | D:7      | Killed a hornet
  8632 | D:7      | Noticed a +0 hand axe
  8632 | D:7      | Noticed a +0 hand axe
  8636 | D:7      | Found a hide-covered altar of Uskayaw.
  8694 | D:8      | Noticed Psyche
  8703 | D:8      | Noticed a catoblepas
  8708 | D:8      | Killed Psyche
  8710 | D:8      | Noticed a komodo dragon
  8732 | D:8      | Slain by a wight

Illustrated notes

Levels and vault maps discovered:
D:1:      psy_arrival_radial01, layout_basic, minmay_worlds_worst_comb
D:2:      layout_basic, hellmonk_ecumenical_altar_prayer_group
D:3:      kennysheep_goblin_castle, layout_basic, dreamdust_princess_corridor,
          minmay_surrounded, uniq_robin
D:4:      layout_loops_cross, nemelex_xobeh_ov_fountains_minmay,
          temple_fountains
D:5:      layout_gridville, mainiacjoe_overflow_tiny_flanked, serial_shops,
          shop, uniq_edmund
D:6:      layout_rooms
D:7:      layout_rooms, dancing_weapons_uskayaw,
          nicolae_concentric_dashed_squares_mild
D:8:      minmay_bloctagon_deflated, layout_cave_pools,
          kennysheep_generic_room_11, uniq_psyche, uniq_gastronok

Skill      XL: |  1  2  3  4  5  6  7  8  9 |
---------------+----------------------------+-----
Dodging        | 3 4 |  4.4
Axes           | 4 5 6 8 9 |  9.6
Fighting       | 4 5 6 |  6.3
Armour         | 3 5 |  5.8
Stealth        | 1 |  1.2
Maces & Flails | |  0.3
Throwing       | |  0.4
Unarmed Combat | |  0.1

Action                   |  1- 3 |  4- 6 |  7- 9 || total
-------------------------+-------+-------+-------++-------
Melee: Hand axe          |   110 |    58 |       ||   168
       Punch             |     1 |     1 |     3 ||     5
       War axe           |       |   102 |   197 ||   299
       Flail             |       |       |     9 ||     9
       Unarmed           |       |       |    11 ||    11
Throw: Dart              |     6 |       |       ||     6
       Boomerang         |       |       |     4 ||     4
Invok: Berserk           |       |     4 |     6 ||    10
       Trog's Hand       |       |     1 |     2 ||     3
  Use: Scroll            |       |     8 |     4 ||    12
       Potion            |       |       |     4 ||     4
 Stab: Sleeping          |     1 |       |       ||     1
Armor: Animal skin       |    23 |       |       ||    23
       Scale mail        |    11 |       |       ||    11
       Chain mail        |     4 |    69 |   104 ||   177
       Skin              |       |       |     4 ||     4
Dodge: Dodged            |    78 |    52 |   166 ||   296

Table legend: (Time is in decaauts)
 A = Elapsed time spent in this place.
 B = Non-inter-level travel time spent in this place.
 C = Inter-level travel time spent in this place.
 D = Time resting spent in this place.
 E = Time spent auto-exploring this place.
 F = Levels seen in this place.
 G = Mean time per level.
                   A        B        C        D        E       F      G
               +--------+--------+--------+--------+--------+-----+--------+
         Total |   8881 |   8459 |    422 |   3133 |   3680 |   8 | 1110.1 |
       Dungeon |   8881 |   8459 |    422 |   3133 |   3680 |   8 | 1110.1 |
               +--------+--------+--------+--------+--------+-----+--------+

Top non-repeatable levels by time:
     D:3: 2117 daAuts
     D:2: 1914 daAuts
     D:1: 1602 daAuts
     D:6: 1182 daAuts
     D:5: 773 daAuts
     D:7: 692 daAuts
     D:4: 557 daAuts
     D:8: 41 daAuts
